 Dungeon Crawl Stone Soup version 0.27.0-1-g7a089689b8 (webtiles) character file.

Game seed: 13682835297299731428

104 Gwenloh the Poker (level 4, -3/35 HPs)
             Began as a Merfolk Gladiator on July 31, 2021.
             Was a Follower of Nemelex Xobeh.
             Slain by Edmund (6 damage)
             ... on level 4 of the Dungeon on Aug 1, 2021.
             The game lasted 00:07:41 (2312 turns).

Gwenloh the Poker (Merfolk Gladiator)               Turns: 2312, Time: 00:07:41

Health: -3/35      AC:  4    Str: 14    XL:     4   Next: 80%
Magic:  4/4        EV: 13    Int:  7    God:    Nemelex Xobeh [*.....]
Gold:   171        SH:  0    Dex: 16    Spells: 3/3 levels left

rFire    . . .     SeeInvis .   a - +0 trident
rCold    . . .     Faith    .   (no shield)
rNeg     . . .     Spirit   .   b - +0 leather armour
rPois    .         Reflect  .   c - +0 helmet
rElec    .         Harm     .   (no cloak)
rCorr    .         Rampage  .   (no gloves)
Will     .....                  (no boots)
Stlth    +.........             (no amulet)
HPRegen  0.11/turn              (no ring)
MPRegen  0.09/turn              (no ring)

@: no status effects
A: (nimble swimmer 2), mertail
a: Renounce Religion, Draw Escape, Draw Destruction, Draw Summoning


You were on level 4 of the Dungeon.
You worshipped Nemelex Xobeh.
Nemelex Xobeh was aware of your devotion.
You visited 1 branch of the dungeon, and saw 4 of its levels.

You collected 171 gold pieces.

Inventory:

Hand Weapons
 a - a +0 trident (weapon)
Missiles
 d - 3 throwing nets
 g - 38 stones (quivered)
Armour
 b - a +0 leather armour (worn)
 c - a +0 helmet (worn)
Scrolls
 e - a scroll of immolation {unknown}
 f - a scroll of fear {unknown}
 h - 4 scrolls of noise {unknown}
 i - a scroll of vulnerability {unknown}
 n - 3 scrolls of teleportation {unknown}
 o - 3 scrolls of identify {unknown}
 p - a scroll of enchant armour {unknown}
Potions
 j - a potion of heal wounds {unknown}
 k - a potion of haste {unknown}
 l - a potion of cancellation {unknown}
 m - a potion of curing {unknown}
 q - a potion of degeneration {unknown}


   Skills:
 + Level 3.1 Fighting
 * Level 6.1 Polearms
 + Level 2.3 Throwing
 + Level 4.7 Dodging
 + Level 0.9 Invocations


You had 3 spell levels left.
You didn't know any spells.
Your spell library was empty.

Dungeon Overview and Level Annotations

Branches:
Dungeon (4/15)
 Temple: D:4-7

Altars:
Dithmenos
Fedhas
Gozag
Nemelex Xobeh
Qazlal
Xom
Yredelemnul

Shops:
D:1 :   D:2 [

Annotations:
D:4 Edmund


Innate Abilities, Weirdness & Mutations

((You are quick and stealthy near water. (Stealth+, EV+, Speed+++)))
Your lower body shifts to a powerful aquatic tail in water.


Message History

You reach to attack!
You puncture the endoplasm!
You kill the endoplasm!
You reach to attack!
You hit Edmund.
Edmund is lightly wounded.
You hit Edmund.
Edmund is lightly wounded.
Edmund completely misses you.
You hit Edmund but do no damage.
Edmund is lightly wounded.
Edmund hits you with a +3 flail of protection.
You hit Edmund but do no damage.
Edmund is lightly wounded.
Edmund barely misses you.
You hit Edmund.
Edmund is lightly wounded.
Edmund barely misses you.
You hit Edmund but do no damage.
Edmund is lightly wounded.
Edmund hits you with a +3 flail of protection!
You are too injured to fight recklessly!
You are too injured to fight recklessly!
You are too injured to fight recklessly!
Okay, then.
You draw a card...
You have drawn the Orb.
Press: ? - help, Shift-Dir - straight line, f/p - Edmund
Aim: Edmund, wielding a +3 flail of protection and wearing a +0 ring mail (lightly wounded)
The wavering orb of destruction weakly hits Edmund!
Edmund is moderately wounded.
Edmund hits you with a +3 flail of protection.
You draw a card...
You have drawn Velocity.
Nothing appears to happen.
Edmund barely misses you.
You draw a card...
You have drawn the Tomb.
Walls emerge from the floor!
Edmund hits you with a +3 flail of protection!
* * * LOW HITPOINT WARNING * * *
The walls disappear prematurely!
You draw a card...
You have drawn the Cloud.
Clouds appear around you!
Edmund hits you with a +3 flail of protection.
You die...
Your body disappears without a glow.

...#....##....#####
#......#.#.##.#.#####
.#...#.....##.##.#.....#
....##......##..######..
..............#.###...##
....###...#...#.........
.#.. #....#.....#..##..
.....###.##.....#...##...
#..§@###......##....#
......#§@##......##.....#
#.(.. ##§§.†......#...#.#
.....###..............#.#
...........P#.P.###......
....##.....#......#......
. ##..........PP....#.
..................#
......#..[..........


You could see Edmund.

Vanquished Creatures
  A gnoll (D:1)
  2 adders (D:2)
  A howler monkey skeleton (D:4)
  A worm (D:3)
  3 orcs (D:3)
  7 endoplasms
  3 giant cockroaches
  4 goblins
  5 hobgoblins
  3 jackals (D:3)
  4 quokkas
  6 ball pythons
  7 bats
  4 frilled lizards
  4 kobolds (D:2)
  4 rats
  A spectral goblin (D:2)
60 creatures vanquished.

Notes
Turn   | Place    | Note
-------+----------+-------------------------------------------
     0 | D:1      | Gwenloh the Merfolk Gladiator began the quest for the Orb.
     0 | D:1      | Reached XP level 1. HP: 16/16 MP: 1/1
   243 | D:1      | Reached XP level 2. HP: 23/23 MP: 2/2
   287 | D:1      | Found Yphoiboc's Book Shoppe.
   322 | D:1      | Reached skill level 5 in Polearms
   382 | D:1      | Reached XP level 3. HP: 14/28 MP: 3/3
   936 | D:2      | Found a faded altar of an unknown god.
   957 | D:2      | Became a worshipper of Nemelex Xobeh the Trickster
   957 | D:2      | Reached * piety under Nemelex Xobeh
  1116 | D:2      | Found Pamicsig's Armour Boutique.
  1257 | D:2      | Reached XP level 4. HP: 34/34 MP: 4/4
  1507 | D:3      | Found a shadowy altar of Dithmenos.
  1508 | D:3      | Found a stormy altar of Qazlal.
  1510 | D:3      | Found a shimmering altar of Xom.
  1518 | D:3      | Found a basalt altar of Yredelemnul.
  1518 | D:3      | Found a blossoming altar of Fedhas.
  1519 | D:3      | Found an opulent altar of Gozag.
  1594 | D:3      | Received a gift from Nemelex Xobeh
  1837 | D:3      | Reached skill level 6 in Polearms
  1918 | D:3      | Found a sparkling altar of Nemelex Xobeh.
  2293 | D:4      | Noticed Edmund
  2312 | D:4      | Slain by Edmund

Illustrated notes

Levels and vault maps discovered:
D:1:      saegor_arrival_simple_b, layout_basic, serial_shops,
          nicolae_shop_trees
D:2:      layout_basic, serial_shops, shop,
          dreamdust_ecumenical_altar_drowned_temple
D:3:      layout_rooms, grunt_temple_overflow_open, nemelex_dance_club_becter
D:4:      cheibrodos_old_hovel, layout_layer_cave, uniq_blork_the_orc,
          uniq_edmund

Skill      XL: |  1  2  3  4 |
---------------+-------------+-----
Polearms       | 5 6 |  6.1
Fighting       | 3 |  3.1
Throwing       | |  2.3
Dodging        | |  4.7
Invocations    | |  0.9

Action                   |  1- 3 |  4- 6 || total
-------------------------+-------+-------++-------
Melee: Trident           |    79 |    90 ||   169
Throw: Stone             |    10 |       ||    10
Invok: Draw Escape       |       |     3 ||     3
       Draw Destruction  |       |     1 ||     1
 Stab: Sleeping          |     4 |     1 ||     5
Armor: Leather armour    |    10 |    10 ||    20
Dodge: Dodged            |    34 |    39 ||    73
